Cogmind - Beta 14 @@@ ROGUE MODE // 2025.01.06 @ 23:16:41 Player: jumpy Result: Destroyed by H-61 Shepherd with Heavy Assault Cannon Performance ------------- Evolutions (2) 1000 Regions Visited (3) 600 Robots Destroyed (63) 315 Value Destroyed (1563) 1563 Prototype IDs (1) 20 Alien Tech Used (0) 0 Bonus (0) 0 TOTAL SCORE: 3498 Bonus ------- None Cogmind --------- Core Integrity 0/550 Matter 298/300 Energy 99/100 System Corruption 8% Temperature Cool (0) Movement Core (50) Location -8/Materials Parts ------- > --- POWER (1) -------- (None) > --- PROPULSION (4) --- (None) > --- UTILITY (4) ------ (None) > --- WEAPON (2) ------- (None) > --- INVENTORY (5) ---- Medium Storage Unit ECM Suite Small Laser Particle Gun Peak State ------------ > --- POWER ------------ Light Nuclear Core > --- PROPULSION ------- Aluminum Leg Aluminum Leg Carbon-fiber Leg > --- UTILITY ---------- Small Storage Unit Seismic Detector ECM Suite System Shield > --- WEAPON ----------- Pulse Rifle Heavy Laser > --- INVENTORY -------- Heat Sink Medium Storage Unit Small Laser Particle Gun [Rating: 21] Favorites ----------- Power Ion Engine Engine Ion Engine Power Core Nuclear Core Propulsion Light Treads Treads Light Treads Leg Aluminum Leg Flight Unit Improved Flight Unit Utility Small Storage Unit Device Seismic Detector Storage Small Storage Unit Hackware System Shield Protection Improved Light Armor Plating Weapon Small Laser Energy Gun Small Laser Ballistic Gun Heavy Assault Rifle Ballistic Cannon Assault Cannon Build | -11 -10 -9 -8 ------- Run | Yrd Mat Mat Mat Slots Evolved 4 | . . 2 2 Power . | . . . . Propulsion 2 | . . . 2 Utility 2 | . . 2 . Weapon . | . . . . Parts Attached 58 | 8 . 13 37 Power 10 | 1 . 1 8 Engine 5 | 1 . 1 3 Core 5 | . . . 5 Reactor . | . . . . Propulsion 12 | 2 . 2 8 Treads 7 | 2 . 2 3 Leg 4 | . . . 4 Wheel . | . . . . Hover . | . . . . Flight 1 | . . . 1 Utility 20 | 3 . 5 12 Device 14 | 2 . 5 7 Storage 3 | 1 . . 2 Processor . | . . . . Hackware 1 | . . . 1 Protection 2 | . . . 2 Artifact . | . . . . Weapon 16 | 2 . 5 9 Energy Gun 11 | 2 . 4 5 Energy Cannon . | . . . . Ballistic Gun 2 | . . 1 1 Ballistic Cannon 3 | . . . 3 Launcher . | . . . . Special Weapon . | . . . . Impact Weapon . | . . . . Slashing Weapon . | . . . . Piercing Weapon . | . . . . Special Melee Weapon . | . . . . Unidentified Prototypes 1 | . . . 1 Parts Lost 26 | . . 2 24 Power 2 | . . . 2 Propulsion 10 | . . 1 9 Utility 9 | . . 1 8 Weapon 5 | . . . 5 Highest Loss Streak 5 | . . 1 5 To Critical Strikes 1 | . . . 1 Average Slot Usage (%) 85 | . 100 94 77 Engine 7 | . 14 10 3 Core 2 | . . . 4 Treads 17 | . 28 21 12 Leg 4 | . . . 7 Device 18 | . 14 29 14 Storage 10 | . 14 11 8 Hackware 1 | . . . 2 Protection 3 | . . . 6 Energy Gun 15 | . 28 21 8 Ballistic Gun 1 | . . . 3 Ballistic Cannon 3 | . . . 5 Peak Build Rating 21 | 9 8 11 21 Average Rating 11 | 6 7 10 14 On Entrance 6 | . 7 8 9 Naked Turns . | . . . . Heaviest Build 25 | 14 14 17 25 Greatest Support 80 | 40 40 40 80 Greatest Overweight (x) 7 | . . . 7 Average Overweight (x) . | . . . . Largest Inventory Capacity 25 | 8 8 8 25 Average Capacity 7 | 7 8 8 7 Most Carried 8 | 4 8 8 8 Average Carried 5 | 3 6 6 6 Final Capacity 8 | 8 8 8 5 Final Carried 8 | 4 8 6 4 Class Distribution -------------------- 60% | Mutant 39% | Scavenger-Mutant Dominant Class ---------------- Mutant | -10/Materials Mutant | -9/Materials Scavenger-Mutant | -8/Materials Resources | -11 -10 -9 -8 ----------- Run | Yrd Mat Mat Mat Matter Collected 1120 | 280 . 117 723 Remotely . | . . . . Salvage Created 2160 | 240 230 438 1252 Parts 125 | 25 24 27 49 Haulers Intercepted 1 | . . . 1 Recyclers Shooed 3 | . . . 3 Parts Field Recycled . | . . . . Retrieved Matter . | . . . . Parts Self-Destructed . | . . . . Prevented . | . . . . Kills | -11 -10 -9 -8 ------- Run | Yrd Mat Mat Mat Combat Hostiles Destroyed 43 | . 8 12 23 Guns 36 | . 8 12 16 Cannons 7 | . . . 7 Classes Destroyed 10 | 3 3 2 2 Worker 2 | 1 1 . . Tunneler 9 | 9 . . . Hauler 1 | . . . 1 Recycler 4 | 1 . . 3 Watcher 4 | . 1 2 1 Swarmer 13 | . 6 3 4 Grunt 24 | . 2 7 15 Brawler 3 | . . 1 2 Duelist 1 | . . . 1 Sentry 2 | . . 1 1 Best Kill Streak 6 | 2 6 4 4 Combat Bots Only 6 | . 6 4 4 Max Kills in Single Turn 2 | 2 1 1 1 Gunslinging . | . . . . Exploded . | . . . . Melee . | . . . . Uniques/NPCs Destroyed . | . . . . Combat | -11 -10 -9 -8 -------- Run | Yrd Mat Mat Mat Hostile Shots Fired 337 | . 26 79 232 Missed 86 | . 3 16 67 Damage Taken 3716 | . 203 672 2841 Core 733 | . 44 91 598 Absorbed by Shields . | . . . . Regen/Repaired (Parts) 272 | . . 258 14 Core Remaining (%) 86 | 100 82 77 . Volleys Fired 187 | 19 21 48 99 Largest 2 | 2 2 2 2 Hottest 128 | 90 90 90 128 Shots Fired 364 | 38 42 89 195 Gun 311 | 38 42 89 142 Cannon 53 | . . . 53 Launcher . | . . . . Special . | . . . . Kinetic 101 | . . . 101 Thermal 263 | 38 42 89 94 Explosive . | . . . . Electromagnetic . | . . . . Robot Hit Streak 20 | 20 7 9 10 Robot Miss Streak 4 | 2 3 4 4 Penetration Max . | . . . . Secondary Targets 4 | . 2 2 . Max Gunslinging Chain 1 | . 1 1 . Shots Hit Robots 237 | 27 24 64 122 Core Hits 108 | 12 13 25 58 Critical Kills . | . . . . Critical Parts Destroyed . | . . . . Critical Strikes 6 | . 1 1 4 Burn 4 | . 1 1 2 Blast 2 | . . . 2 Melee Attacks . | . . . . Impact . | . . . . Slashing . | . . . . Piercing . | . . . . Sneak Attacks . | . . . . Combat Hostiles . | . . . . Follow-up Attacks . | . . . . Damage Inflicted 3348 | 345 289 785 1929 Guns 2563 | 345 288 781 1149 Cannons 754 | . . . 754 Explosions . | . . . . Melee . | . . . . Ramming 31 | . 1 4 26 Kinetic 1129 | . . . 1129 Thermal 2188 | 345 288 781 774 Explosive . | . . . . Electromagnetic . | . . . . Impact . | . . . . Slashing . | . . . . Piercing . | . . . . Highest Corruption 8 | . . . 8 Average Corruption 6 | . . . 6 Corruption Purged . | . . . . Corruption Blocked . | . . . . Effects 47 | . . . 47 Message Errors 11 | . . . 11 Matter Fused 11 | . . . 11 Heat Flow Errors 3 | . . . 3 Energy Discharges 6 | . . . 6 Data Loss (minor) 6 | . . . 6 Data Loss (major) 3 | . . . 3 Misfires 4 | . . . 4 Alerts 1 | . . . 1 Weapon Failures 2 | . . . 2 Overload Shots . | . . . . Overflow Damage 3 | . . . 3 Projectiles 3 | . . . 3 Explosions . | . . . . Melee . | . . . . Knockbacks 17 | . . . 17 Impact 1 | . . . 1 Kinetic 15 | . . . 15 Secondary 1 | . . . 1 Self-Inflicted Damage 6 | . . . 6 Shots . | . . . . Rammed 12 | . 1 2 9 Targets Rammed 15 | . 1 2 12 Kicked 3 | . . . 3 Crushed . | . . . . Highest Temperature 309 | 90 108 309 247 Average Temperature 63 | 34 44 103 39 Received Heat Transfer 1476 | . 42 237 1197 Effects 2 | . . 2 . Energy Bleed 1 | . . 1 . Interference 1 | . . 1 . Siege Activations . | . . . . Robots Corrupted . | . . . . Combat Hostiles . | . . . . Parts Fried . | . . . . Impact Corruptions . | . . . . Robots Melted . | . . . . Combat Hostiles . | . . . . Parts Melted 9 | 1 . 3 5 Heat Transferred 5759 | 917 819 2073 1950 Parts Sabotaged . | . . . . Parts Stolen . | . . . . Parts Stripped . | . . . . Power Chain Reactions . | . . . . Alert | -11 -10 -9 -8 ------- Run | Yrd Mat Mat Mat Peak Influence 236 | 45 236 216 212 Initial 37 | . 6 17 37 Average 80 | 17 126 95 82 Maximum Alert Level 1 | . 1 1 1 Low Security (%) 91 | 100 63 90 96 Level 1 8 | . 36 9 3 Level 2 . | . . . . Level 3 . | . . . . Level 4 . | . . . . Level 5 . | . . . . High Security . | . . . . Max Security . | . . . . Squads Dispatched 8 | . . 2 6 Investigation 3 | . . 1 2 Extermination . | . . . . Reinforcement 5 | . . 1 4 Assault . | . . . . Garrison . | . . . . Intercept . | . . . . Searches Triggered . | . . . . Construction Impeded 2 | . . . 2 Haulers Reinforced . | . . . . Active Scanning Responses . | . . . . Cargo Convoy Interrupts . | . . . . Stealth | -11 -10 -9 -8 --------- Run | Yrd Mat Mat Mat Distress Signals 5 | . . 1 4 Communications Jammed . | . . . . Distress Signals . | . . . . Times Spotted 79 | . 11 19 49 Peak Tracking Total 15 | . 3 4 15 Tactical Retreats 9 | . 1 3 5 Traps | -11 -10 -9 -8 ------- Run | Yrd Mat Mat Mat Traps Triggered 3 | . . 1 2 Indirectly . | . . . . Trap Hack Attempts . | . . . . Triggered . | . . . . Disarmed . | . . . . Reprogrammed . | . . . . Reused . | . . . . Traps Extracted . | . . . . Installed . | . . . . Triggered . | . . . . Machines | -11 -10 -9 -8 ---------- Run | Yrd Mat Mat Mat Machines Disabled 1 | . . . 1 Max in Single Turn 1 | . . . 1 Machines Repaired . | . . . . Machines Dismantled . | . . . . Machines Sabotaged . | . . . . Overloaded Fab Kills . | . . . . Hacking | -11 -10 -9 -8 --------- Run | Yrd Mat Mat Mat Machines Accessed 3 | . 1 1 1 Terminals 1 | . 1 . . Fabricators . | . . . . Repair Stations 2 | . . 1 1 Recycling Units . | . . . . Scanalyzers . | . . . . Garrison Access . | . . . . Total Hacks 13 | . 2 8 3 Successful 11 | . . 8 3 Failed 2 | . 2 . . Catastrophic . | . . . . Database Lockouts . | . . . . Manual . | . . . . Terminals 2 | . 2 . . Fabricators . | . . . . Repair Stations 11 | . . 8 3 Recycling Units . | . . . . Scanalyzers . | . . . . Garrison Access . | . . . . Terminal Hacks . | . . . . Fabricator Hacks . | . . . . Repair Station Hacks 11 | . . 8 3 Scan Component 6 | . . 4 2 Repair 5 | . . 4 1 Recycling Unit Hacks . | . . . . Scanalyzer . | . . . . Garrison Access Hacks . | . . . . Unauthorized Hacks . | . . . . Terminals . | . . . . Fabricators . | . . . . Repair Stations . | . . . . Recycling Units . | . . . . Scanalyzers . | . . . . Garrison Access . | . . . . Data Cores Recovered . | . . . . Used . | . . . . Hacking Detections 2 | . . 1 1 Full Trace Events 1 | . . . 1 Feedback Events . | . . . . Feedback Blocked . | . . . . Robot Schematics Acquired . | . . . . Robots Built . | . . . . Authchips . | . . . . Time . | . . . . Total Robot Build Rating . | . . . . Part Schematics Acquired . | . . . . Parts Built . | . . . . Authchips . | . . . . Time . | . . . . Total Part Build Rating . | . . . . Parts Repaired 5 | . . 4 1 Time 130 | . . 104 26 Parts Recycled . | . . . . Recycled Matter . | . . . . Retrieved Matter . | . . . . Retrieved Components . | . . . . Parts Scanalyzed . | . . . . Part Schematics Acquired . | . . . . Parts Damaged . | . . . . Bothacking | -11 -10 -9 -8 ------------ Run | Yrd Mat Mat Mat Used RIF Installer . | . . . . Robots Hacked . | . . . . Non-combat . | . . . . Combat . | . . . . Robot Hacks Applied . | . . . . Relay Couplers Released . | . . . . Fabnet Peak Effective % . | . . . . Robots Rewired . | . . . . Allies Hacked . | . . . . Hacks Repelled . | . . . . Allies | -11 -10 -9 -8 -------- Run | Yrd Mat Mat Mat Total Allies . | . . . . Largest Group . | . . . . Highest-Rated Group . | . . . . Highest-Rated Ally . | . . . . Total Orders . | . . . . Ally Attacks . | . . . . Total Damage . | . . . . Kills . | . . . . Allies Corrupted . | . . . . Allies Melted . | . . . . Intel | -11 -10 -9 -8 ------- Run | Yrd Mat Mat Mat Robot Analysis Total . | . . . . Derelict Logs Recovered . | . . . . Drone Launches . | . . . . Drone Recoveries . | . . . . Exploration | -11 -10 -9 -8 ------------- Run | Yrd Mat Mat Mat Turns Passed 3712 | 559 447 942 1764 Spaces Moved 1558 | 307 202 263 786 Core 95 | 4 . . 91 Treads 1053 | 303 202 263 285 Legs 332 | . . . 332 Wheels . | . . . . Hover . | . . . . Flight 78 | . . . 78 Fastest Speed 40 | 50 160 160 40 Average Speed 150 | 158 160 160 142 Slowest Speed 400 | 160 160 160 400 Overloaded Moves . | . . . . Propulsion Burnouts . | . . . . Robots Hopped 2 | . . . 2 Cave-ins Triggered . | . . . . Exploration Rate (%) 34 | 10 36 25 66 Regions Visited 3 Branch Regions . Pre-discovered Areas . | . . . . Known Exits Taken . | . . . . Unknown Exits Taken 3 | 1 1 1 . Scrap Searched . | . . . . Spaces Dug . | . . . . Terrain Destroyed 4 | . . . 4 Melee . | . . . . Projectile 4 | . . . 4 AOE . | . . . . Terrain Rammed . | . . . . Walls Destroyed . | . . . . Machines Disabled . | . . . . Actions | -11 -10 -9 -8 --------- Run | Yrd Mat Mat Mat Total 2546 | 337 284 693 1232 Wait 694 | . 55 363 276 Move 1551 | 306 201 262 782 Hop 2 | . . . 2 Pick Up 19 | 4 5 2 8 Fast Attach 28 | 7 . 5 16 Attach 14 | . . 5 9 Detach 4 | . . 2 2 Swap 16 | 1 . 3 12 Drop 16 | . 1 1 14 Fire 187 | 19 21 48 99 Melee . | . . . . Ram 8 | . . . 8 Kick 3 | . . . 3 Crush 4 | . 1 2 1 Escape Stasis . | . . . . Rewire . | . . . . Trap . | . . . . Miscellaneous . | . . . . Route ------- -11/Scrapyard -10/Materials -9/Materials -8/Materials History --------- Turn | Location | Event 5 | -11/Scrapyard | Discovered new exit (range 15) 560 | -11/Scrapyard | Entered Materials 561 | -10/Materials | Build established: Mutant 933 | -10/Materials | Discovered new exit (range 16) 1007 | -10/Materials | Entered another Materials area 1007 | -9/Materials | Evolved 2 slots: Utility x2 1700 | -9/Materials | Repaired Med. Laser 1727 | -9/Materials | Repaired Sml. Laser 1755 | -9/Materials | Repaired Ion Engine 1782 | -9/Materials | Repaired Lgt. Treads 1856 | -9/Materials | Discovered new exit (range 8) 1949 | -9/Materials | Entered another Materials area 1949 | -8/Materials | Evolved 2 slots: Propulsion x2 2216 | -8/Materials | Build established: Scavenger-Mutant 2458 | -8/Materials | Repaired Seismic Detector 2852 | -8/Materials | Lost 3 parts (1n1u1w) 3276 | -8/Materials | Lost 3 parts (1n2u) 3582 | -8/Materials | Lost 3 parts (1p2w) 3631 | -8/Materials | Core integrity fell below 50% 3664 | -8/Materials | Lost 5 parts (3n1u1w) 3691 | -8/Materials | Core integrity fell below 20% 3713 | -8/Materials | Destroyed by H-61 Shepherd with Heavy Assault Cannon Last Messages --------------- 03664_ Slammed into U-05 Engineer. 03665_ ALERT: Construction progress impeded, dispatching reinforcements to local area. 03666_ Slammed into K-01 Serf. 03676_ Acquired Prototype Flight Unit. 03676_ Identified Imp. Flight Unit. 03680_ Acquired Lgt. Nuclear Core. 03683_ Critical hit (Burn: +37). 03685_ O-16 Technician: "IFF HANDSHAKE FAILED. SECURING TERMINAL." 03689_ ALERT: Hostiles spotted, dispatching reinforcements to Terminal M002. 03692_ G-47 Trooper destroyed. 03693_ System corrupted: Component data lost. 03693_ K-01 Serf collects debris. 03697_ T-07 Excavator is excavating. 03706_ Lgt. Nuclear Core destroyed. 03706_ Knocked back. 03711_ Imp. Flight Unit destroyed. 03711_ Acquired 3 matter. 03713_ System Shield destroyed. Map ----- +----------------------------------------------------+ | ????????????????????????????????????????? | | ????????????????????????????????????????? | | ????????????????????????????????????????? | | ????????????????????????????????????????? | | ????????????????????????????????????????? | | ????????????????????????????????????????? | | ????????????????????????????????????????? | | ????????????????????????????????????????? | | ????????????????????????????????????????? | | ????????????????????????????????????????? | | ????????????????????????? ????????????? | | ????????????????????????? #???????????? | | ????????????????????????? #???????????? | | ????????????????????????? #???????????? | | ????????????????????????? #???????????? | | ????????????????????????? #####???????? | | ????????????????????????? !!#???????? | | #########???????????????# !!#???????? | | ! #???????????????# ==????????? | | #???????????????# =?????????? | | #???????????????# ??????????? | | """ """ #???????????????# ???????????? | | """ """ #???????????????# #???????????? | | """ """ #???????????????# #???????????? | | #???????????????# %#???????????? | | !#???????????????#@ #???????????? | | ###"#########???????????# #???????????? | | # + T #???????????# #???????????? | | # # ! #???????????# #???????????? | | # # ! #????????#### #???????????? | | + + ! #???????##! #???????????? | | %# # !!#???????#! #???????????? | | # #! !!#???????#! #???????????? | | # #?# ####???????#! #???????????? | | # #??##??????????#! #???????????? | | # #????????#?????##! #???????????? | | ## #??????# #??????#### #???????????? | | ?#[ #????? ??????????# #???????????? | | ?#%= #???? ""??????????# #???????????? | | ?# #??? "???????????# t???????????? | | ## ##? ????????????# % #???????????? | | # ! # ??? #????????# #???????????? | | # #???????## ##??????????? | | / " " ?######## #??????????? | | # "Y" ?# #??????????? | | # # """ ????# H #??????????? | | ### ###?######### #??????????? | | # # #????# # ###" #??????????? | | ? #????# ] [# #?########??????????? | | ?## ###### # #???????????????????? | +----------------------------------------------------+ Best States ------------- Heat Dissipation 45 Energy Generation 14 Energy Capacity 265 Matter Stores 300 Matter Capacity 300 Sight Range 16 Terrain Scan Range 16 Terrain Scan Density 10 ECM Strength 1 Armor Coverage 300 Evasion (%) 62 Recoil Reduction 4 Defensive Hacking 10 Item Schematics ----------------- None Robot Schematics ------------------ None Fabricated ------------ Nothing Alien Tech Used ----------------- None Achievements -------------- None Challenges ------------ None Game ------ Seed ChargeTeslaRouter Manual? 0 Play Time 00:27:11 Cumulative 13.6 hours Start 2025.01.06 @ 22:51:56 End 2025.01.06 @ 23:16:41 Sessions 1 Manual Loads 0 Difficulty Rogue Special Mode None Game No. 38 Rogue 38 Adventurer 0 Explorer 0 Win Type - Total 0 Types 0/0/0/0/0/0/0/0/0 Lore% 5 Gallery% 23 Achievement% 19 Wizard Run 0 Options --------- Layout 0 ASCII 0 Keyboard 0 Movement Numpad Keybinds 0 Fullscreen 2 Font 18/Terminus Map View 76x50 Zoom Use 0% Tactical HUD 1 Map Filters NONE Filters NONE Steam 1 RUN: d4a31e53-6890-4ceb-8203-834f13327b54